 Dungeon Crawl Stone Soup version 0.30.0-29-ga12c61a403 (webtiles) character file.

Game seed: 3177507727309652930

116178 cdecastro the Spry (level 16, -10/178 HPs)
             Began as a White Draconian Transmuter on June 11, 2023.
             Was an Initiate of Gozag.
             Mangled by a +2 battleaxe of electrocution (16 damage)
             ... on level 1 of the Elven Halls on June 12, 2023.
             The game lasted 02:11:42 (32540 turns).

cdecastro the Spry (White Draconian Transmuter)    Turns: 32540, Time: 02:11:43

Health: -10/178    AC: 11    Str: 12    XL:     16   Next: 20%
Magic:  23/29      EV: 24    Int: 24    God:    Gozag
Gold:   2873       SH:  0    Dex: 19    Spells: 5/34 levels left

rFire   x .          .
                       - Unarmed
rCold   + + +        (shield currently unavailable)
rNeg    . . .        (body armour unavailable)
rPois   +            (helmet currently unavailable)
rElec   .            W - melded +0 cloak
rCorr   .            E - melded +2 pair of gloves {infuse}
SInv    +            l - melded +1 pair of boots of the Known World {Fly rF- Dex+5 Slay+3}
Will    +....        B - amulet of the acrobat
Stlth   +++          j - ring "Qiuthum" {Int+3 Dex+6 SInv}
HPRegen 0.49/turn    V - +5 ring of evasion
MPRegen 0.21/turn

%: acrobat
@: short of breath, ice-form, freezing walls, studying 2 skills, unable to read
A: freezing attack, amphibious, boosted hp, (breathe frost), AC +9, large,
unfitting armour, (cold resistance 1), (cold-blooded), inability to read after
injury 1
a: End Transformation, Renounce Religion, Potion Petition, Call Merchant, Bribe
Branch


You were on level 1 of the Elven Halls.
You worshipped Gozag.
Gozag was most pleased with you.
You were a creature of crystalline ice.
You visited 5 branches of the dungeon, and saw 24 of its levels.
You also visited: Sewer, Bailey, Gauntlet and Volcano.

You collected 8816 gold pieces.
You spent 5844 gold pieces at shops.
You paid 99 gold pieces to Gozag.

Inventory:

Hand Weapons
 s - a +4 shortbow of flaming
 I - a +0 hand crossbow of flaming
Missiles
 f - 8 boomerangs
 P - 12 poisoned darts
Armour
 l - the +1 pair of boots of the Known World (melded) {Fly rF- Dex+5 Slay+3}
   (You found it on level 2 of the Dungeon)

   Dex:       It affects your dexterity (+5).
   Slay:      It affects your accuracy & damage with ranged weapons and melee
   (+3).
   rF:        It makes you vulnerable to fire.
   Fly:       It grants you flight.
 E - a +2 pair of gloves of infusion (melded)
 J - a +2 pair of boots of stealth
 W - a +0 cloak (melded)
Jewellery
 i - a ring of fire
 j - the ring "Qiuthum" (left front paw) {Int+3 Dex+6 SInv}
   (You acquired it on level 7 of the Dungeon)

   [ring of see invisible]

   Int:       It affects your intelligence (+3).
   Dex:       It affects your dexterity (+6).
   SInv:      It lets you see invisible.
 n - a ring of resist corrosion
 y - a ring of fire
 B - an amulet of the acrobat (around neck)
 M - a ring of protection from fire
 V - a +5 ring of evasion (right front paw)
Wands
 A - a wand of flame (48)
 K - a wand of digging (4)
 O - a wand of iceblast (17)
 T - a wand of acid (4)
 X - a wand of charming (12)
 Z - a wand of polymorph (5)
Scrolls
 a - 3 scrolls of blinking
 b - 3 scrolls of poison
 c - 7 scrolls of magic mapping
 e - 4 scrolls of fear
 g - 17 scrolls of teleportation
 k - a scroll of amnesia
 m - 9 scrolls of enchant weapon
 o - 6 scrolls of noise
 w - 4 scrolls of torment
 C - 4 scrolls of silence
 G - 4 scrolls of fog
 H - 3 scrolls of vulnerability
 Q - 3 scrolls of immolation
Potions
 d - 10 potions of haste
 h - 21 potions of curing
 p - 6 potions of cancellation
 q - 3 potions of brilliance
 r - 2 potions of magic
 t - 5 potions of heal wounds
 u - a potion of berserk rage
 v - 5 potions of invisibility
 x - 6 potions of might
 z - a potion of mutation
 D - 2 potions of ambrosia
 L - a potion of resistance
 N - 5 potions of lignification
 U - 2 potions of attraction
Miscellaneous
 F - a lightning rod (4/4)
 R - a box of beasts
 S - a phial of floods


   Skills:
 - Level 15.0 Fighting
 - Level 15.0 Dodging
 - Level 5.0 Stealth
 - Level 10.0 Unarmed Combat
 + Level 9.6 Spellcasting
 - Level 8.0 Conjurations
 - Level 5.3 Transmutations
 - Level 12.0 Ice Magic
 - Level 8.0 Air Magic
 - Level 12.0 Evocations


You had 5 spell levels left.
You knew the following spells:

 Your Spells              Type           Power      Damage    Failure   Level
a - Beastly Appendage     Tmut           74%        N/A       1%          1
b - Wereblood             Tmut           37%        N/A       1%          2
c - Spider Form           Tmut/Pois      24%        N/A       5%          3
d - Frozen Ramparts       Ice            100%       1d16      1%          3
e - Ice Form              Ice/Tmut       52%        N/A       1%          4
f - Hailstorm             Conj/Ice       56%        3d12      1%          3
g - Mephitic Cloud        Conj/Pois/Air  37%        N/A       1%          3
h - Freezing Cloud        Conj/Ice/Air   27%        6-21      3%          5
i - Ozocubu's Armour      Ice            62%        N/A       1%          3
j - Passwall              Tmut/Erth      20%        N/A       2%          2

Your spell library contained the following spells:

 Spells                   Type           Power      Damage    Failure   Level
 Freeze                   Ice            100%       1d10      1%          1
 Kiss of Death            Conj/Necr      100%       2d13      1%          1
 Sting                    Tmut/Pois      96%        1d7       1%          1
 Poisonous Vapours        Pois/Air       60%        N/A       1%          2
 Stone Arrow              Conj/Erth      60%        3d10      3%          3
 Sandblast                Erth           22%        2d7       5%          1
 Slow                     Hex            44%        N/A       5%          1
 Fulminant Prism          Conj/Hex       15%        3d10      11%         4
 Iskenderun's Mystic Bla  Conj/Tloc      30%        2d8       11%         4
 Summon Lightning Spire   Summ/Air       30%        N/A       11%         4
 Metabolic Englaciation   Hex/Ice        20%        N/A       13%         5
 Confusing Touch          Hex            11%        N/A       17%         3
 Tukima's Dance           Hex            11%        N/A       17%         3
 Vampiric Draining        Necr           11%        2d6       17%         3
 Volatile Blastmotes      Fire/Tloc      22%        2d11      17%         3
 Yara's Violent Unravell  Hex/Tmut       12%        3d7       45%         5
 Cause Fear               Hex            5%         N/A       50%         4
 Dispel Undead            Necr           11%        3d9       50%         4
 Manifold Assault         Tloc           11%        N/A       50%         4
 Olgreb's Toxic Radiance  Pois           11%        N/A       50%         4
 Passage of Golubria      Tloc           11%        N/A       50%         4
 Lee's Rapid Deconstruct  Erth           5%         3d6*      83%         5
 Summon Forest            Summ/Tloc      5%         N/A       83%         5
 Summon Mana Viper        Hex/Summ       11%        N/A       83%         5
 Conjure Ball Lightning   Conj/Air       24%        3x3d7     32%         6
 Storm Form               Tmut/Air       21%        N/A       97%         7
 Dragon Form              Tmut           18%        N/A       99%         7
 Dispersal                Tloc           5%         N/A       100%        6
 Summon Cactus Giant      Summ           5%         N/A       100%        6
 Discord                  Hex            5%         N/A       100%        8
 Disjunction              Tloc           5%         N/A       100%        8
 Maxwell's Capacitive Co  Air            24%        ∞         100%        8
 Dragon's Call            Summ           5%         N/A       100%        9
 Simulacrum               Ice/Necr       Unusable   N/A       N/A         6

Dungeon Overview and Level Annotations

Branches:
Dungeon (15/15)            Temple (1/1) D:4            Lair (5/5) D:8
 Shoals (0/4) Lair:3       Spider (0/4) Lair:3        Slime (0/5) Lair:5
    Orc (2/2) D:11            Elf (1/3) Orc:2        Vaults (0/5) D:14
 Depths (0/4) D:15          Sewer (visited)          Bailey (visited)
Volcano (visited)         Gauntlet (visited)

Altars:
Ashenzari
Cheibriados
Dithmenos
Elyvilon
Fedhas
Gozag
Hepliaklqana
Kikubaaqudgha
Makhleb
Nemelex Xobeh
Okawaru
Qazlal
Ru
Sif Muna
Trog
Uskayaw
Vehumet
Wu Jian
Xom
Yredelemnul
Zin
The Shining One

Shops:
D:6 :   D:10 :   Orc:2 [[:

Portals:
Trove: D:14 (give +5 demon whip)

Annotations:
D:8 2 transporters
D:12 2 transporters, cheesebisquit's ghost, journeyman TrFi
D:15 Roxanne
Lair:2 Amaemon
Lair:5 exclusion: obsidian statue
Orc:1 3 runed translucent doors, wesleywilliam's ghost, journeyman MiBe


Innate Abilities, Weirdness & Mutations

You are a creature of crystalline ice.
You have a powerful freezing melee attack.
You are amphibious.
Your maximum health is increased.
Your armour is entirely melded.
You are incapable of wielding weapons or throwing items.
((You can breathe waves of freezing cold which knock back foes.))
((Your icy white scales are hard. (AC +9)))
You cannot fit into any form of body armour.
((Your flesh is cold resistant. (rC+)))
((You are cold-blooded and may be slowed by cold attacks.))
You occasionally lose the ability to read scrolls when taking damage.


Message History

You hit the +2 battleaxe of electrocution but do no damage.
The +2 battleaxe of electrocution is severely damaged.
The +2 battleaxe of electrocution hits you!!
You feel threatened and lose the ability to read scrolls!
* * * LOW HITPOINT WARNING * * *
Unknown command.
Casting: Ice Form (mildly dangerous; 1% risk of failure)
Confirm with . or Enter, or press ? or * to list all spells.
Casting: Frozen Ramparts (safe; 1% risk of failure)
Press: ? - help, Dir - look around, f - activate The walls around you are covered in ice.
The wall freezes the +2 battleaxe of electrocution but does no damage.
The +2 battleaxe of electrocution hits you!!
* * * LOW HITPOINT WARNING * * *
The wall freezes the deep elf pyromancer!
The deep elf pyromancer gestures wildly while chanting.
You miss the +2 battleaxe of electrocution.
The +2 battleaxe of electrocution is severely damaged.
The +2 battleaxe of electrocution completely resists.
The wall freezes the +2 battleaxe of electrocution but does no damage.
The +2 battleaxe of electrocution hits you!!
* * * LOW HITPOINT WARNING * * *
The wall freezes the deep elf pyromancer!
The fire elemental is frozen!
The wall freezes the fire elemental!
You cannot read scrolls in your current state!
You feel much better.
The wall freezes the +2 battleaxe of electrocution but does no damage.
The +2 battleaxe of electrocution barely misses you.
The wall freezes the deep elf pyromancer.
The fire elemental is frozen!
The wall freezes the fire elemental.
The fire elemental misses you.
You closely miss the +2 battleaxe of electrocution.
The +2 battleaxe of electrocution is severely damaged.
The +2 battleaxe of electrocution resists.
The wall freezes the +2 battleaxe of electrocution.
The +2 battleaxe of electrocution hits you!!
* * * LOW HITPOINT WARNING * * *
You are electrocuted!
You die...
Your body crumbles into a pile of gold.

....#......#.....
###...#..##########
..#...#.........
.#...#.........
.#...#..#######
..#.###....#..#
....e..e...#..#
#(#°.#..# #YE..#..#
###..#..#
#..#..#####+#
#..#......... $
#.....#######
+.#...#.....#
#.....#.....#
#..#..#.....#
#..#..'.....#


You could see a deep elf pyromancer, a fire elemental (summoned) and a +2
battleaxe of electrocution.

Vanquished Creatures
  An orc warlord (D:11)
  3 dire elephants (Lair:5)
  Snorg (Lair:4)
  A blizzard demon (Gauntlet)
  A hydra (Lair:5)
  5 ogre magi
  2 catoblepae
  A boulder beetle (Lair:2)
  Harold (D:10)
  9 death yaks
  6 centaur warriors
  7 two-headed ogres
  A tengu warrior (D:14)
  A spectral dire elephant (Lair:5)
  Urug (D:13)
  3 orc high priests (Orc:2)
  2 skysharks
  A spectral death yak (Lair:5)
  A skeletal warrior (D:14)
  A glowing orange brain (D:15)
  A spectral anaconda (Lair:5)
  A large abomination (Gauntlet)
  A wizard (D:15)
  2 deep elf zephyrmancers (Elf:1)
  5 orc knights
  6 lindwurms
  3 necromancers (Lair:5)
  7 orc sorcerers
  A manticore (Lair:3)
  3 deep elf pyromancers
  4 cyclopes
  4 black mambas
  16 ugly things
  3 salamanders (Volcano)
  30 elephants
  2 black mambas (shapeshifter)
  A dire elephant zombie (Lair:5)
  6 cane toads
  A smoke demon (D:14)
  2 centaur skeletons (D:14)
  An unseen horror (D:11)
  2 gargoyles
  An orange demon (Lair:1)
  An efreet (D:15)
  A rime drake (Lair:4)
  11 komodo dragons
  2 ice devils
  A tengu conjurer (D:14)
  A queen bee (shapeshifter) (D:13)
  2 wolf spider simulacra (Gauntlet)
  7 polar bears
  6 trolls
  A hornet (D:11)
  A wind drake (Lair:3)
  3 small abominations (Gauntlet)
  11 blink frogs
  3 jumping spiders (Lair:3)
  7 slime creatures
  A culicivora (shapeshifter) (Elf:1)
  59 yaks
  2 shadows
  2 centaur simulacra
  3 culicivoras (Lair:3)
  2 dire elephant simulacra (Lair:5)
  2 water elementals
  7 wyverns
  2 basilisks
  A vampire (D:12)
  A basilisk (shapeshifter) (D:14)
  2 redbacks (Lair:3)
  13 vampire mosquitoes
  5 wargs
  2 acid dragons
  2 spectral cane toads (Lair:5)
  9 water moccasins
  3 hell hounds (Volcano)
  23 orc warriors
  2 ice beasts
  4 sky beasts
  An elephant zombie (Lair:5)
  22 wolves
  A black bear (D:6)
  9 ogres
  3 elephant skeletons (Lair:5)
  21 centaurs
  3 phantoms
  4 kobold brigands
  7 bullfrogs
  2 gnoll sergeants
  An earth elemental (Elf:1)
  A scorpion (D:3)
  A cane toad simulacrum (Lair:5)
  3 wights (D:10)
  An elephant simulacrum (Lair:5)
  2 electric eels (D:13)
  4 howler monkeys
  5 crimson imps
  4 hounds
  2 jellies
  19 orc priests
  A wyvern simulacrum (Gauntlet)
  5 iguanas
  Natasha (thrice) (D:3)
  3 sleepcaps
  41 orc wizards
  A hell rat (D:8)
  2 boggart skeletons (D:14)
  9 adders
  16 gnolls
  2 river rats (D:8)
  5 white imps
  2 worms (D:3)
  8 dart slugs
  81 orcs
  6 endoplasms
  11 giant cockroaches
  9 goblins
  5 hobgoblins
  6 jackals (D:3)
  17 quokkas
  10 ball pythons
  5 bats (D:1)
  10 frilled lizards
  A goblin skeleton (D:4)
  3 goblin zombies (D:4)
  2 hobgoblin zombies (D:4)
  24 kobolds
  2 kobold skeletons (D:4)
  9 rats
  A rat zombie (D:5)
773 creatures vanquished.

Vanquished Creatures (collateral kills)
  A deep elf pyromancer (Bailey)
  An orc warrior (Bailey)
  3 orc wizards (Orc:2)
  An orc (Bailey)
6 creatures vanquished.

Vanquished Creatures (others)
  An orc sorcerer (Orc:2)
  A spectral cane toad (Lair:5)
  An ogre (Orc:2)
  An orc wizard (Orc:2)
4 creatures vanquished.

Grand Total: 783 creatures vanquished

Notes
Turn   | Place    | Note
-------+----------+-------------------------------------------
     0 | D:1      | cdecastro the Draconian Transmuter began the quest for the
                  | Orb.
     0 | D:1      | Reached XP level 1. HP: 16/16 MP: 3/3
   119 | D:1      | Reached XP level 2. HP: 5/23 MP: 3/5
   675 | D:1      | Reached XP level 3. HP: 25/28 MP: 4/6
  1100 | D:1      | Found a white marble altar of Elyvilon.
  1145 | D:2      | Found a faded altar of an unknown god.
  1253 | D:2      | Identified the +1 pair of boots of the Known World {Fly rF-
                  | Dex+5 Slay+3}
  1518 | D:2      | Learned a level 2 spell: Wereblood
  1522 | D:2      | Learned a level 3 spell: Spider Form
  1697 | D:3      | Noticed Natasha
  1750 | D:3      | Killed Natasha
  1751 | D:3      | Reached XP level 4. HP: 15/35 MP: 7/7
  1889 | D:3      | Noticed Natasha
  1901 | D:3      | Killed Natasha
  2013 | D:3      | Noticed a scorpion
  2021 | D:3      | Killed a scorpion
  2022 | D:3      | Reached XP level 5. HP: 40/40 MP: 8/8
  2118 | D:3      | Noticed Natasha
  2200 | D:3      | Found a shimmering blue altar of Sif Muna.
  2220 | D:3      | Killed Natasha
  2301 | D:3      | Reached skill level 5 in Unarmed Combat
  2660 | D:3      | HP: 2/40 [orc/+0 trident (2)]
  3175 | D:3      | Reached XP level 6. HP: 27/47 MP: 9/9
  3382 | D:4      | Noticed an ice beast
  3395 | D:4      | Killed an ice beast
  3396 | D:4      | Reached skill level 5 in Transmutations
  3498 | D:4      | Found a glowing drain.
  3515 | D:4      | Learned a level 3 spell: Frozen Ramparts
  3516 | Sewer    | Entered a sewer
  3732 | Sewer    | Reached skill level 1 in Ice Magic
  3882 | Sewer    | Your scales start taking on an icy white colour.
  3882 | Sewer    | Reached XP level 7. HP: 38/52 MP: 7/10
  3882 | Sewer    | Gained mutation: Your flesh is cold resistant. (rC+) [White
                  | Draconian growth]
  4298 | D:4      | Found a staircase to the Ecumenical Temple.
  4365 | D:4      | Found a glowing golden altar of the Shining One.
  4420 | Temple   | Entered the Ecumenical Temple
  4445 | Temple   | Became a worshipper of Gozag Ym Sagoz the Greedy
  4752 | D:5      | Entered Level 5 of the Dungeon
  4771 | D:5      | Reached skill level 5 in Ice Magic
  4832 | D:5      | Found a shadowy altar of Dithmenos.
  4896 | D:5      | Reached XP level 8. HP: 49/59 MP: 11/11
  5192 | D:5      | Found an ancient bone altar of Kikubaaqudgha.
  5998 | D:6      | Learned a level 4 spell: Ice Form
  6368 | D:6      | Found Kudu Zas's Vocational Training.
  6824 | D:7      | Reached XP level 9. HP: 64/64 MP: 11/15
  7310 | D:7      | Found a sacrificial altar of Ru.
  7310 | D:7      | Found an ornate altar of the Wu Jian Council.
  7440 | D:8      | Noticed a two-headed ogre
  7443 | D:8      | Found a staircase to the Lair.
  7443 | D:8      | Noticed a death yak
  7525 | D:8      | Reached skill level 5 in Spellcasting
  7654 | D:8      | Noticed a death yak
  7667 | D:8      | Noticed a death yak
  7670 | D:8      | Killed a death yak
  7671 | D:8      | Reached skill level 5 in Dodging
  7793 | D:7      | Learned a level 3 spell: Hailstorm
  7990 | D:8      | Killed a two-headed ogre
  7991 | D:8      | Reached XP level 10. HP: 38/71 MP: 16/20
  8163 | D:7      | Identified a scroll of acquirement
  8164 | D:7      | Acquired the ring "Qiuthum" {Int+3 Dex+6 SInv}
  8229 | D:8      | Killed a death yak
  8403 | D:8      | Reached skill level 5 in Fighting
  8414 | D:8      | Killed a death yak
  8623 | D:8      | Found a bloodstained altar of Trog.
  8625 | D:8      | Noticed a tengu warrior
  8625 | D:8      | Noticed a boulder beetle
  8628 | D:8      | Found a transporter.
  8628 | D:8      | Noticed a manticore
  8628 | D:8      | Noticed a boulder beetle
  8634 | D:8      | Noticed a five-headed hydra
  8637 | D:8      | Found a transporter.
  9015 | D:8      | Noticed a cyclops
  9237 | D:9      | Found a white marble altar of Elyvilon.
  9405 | D:9      | Found a glowing silver altar of Zin.
  9407 | D:9      | Noticed an angel
  9460 | D:9      | Found a shimmering altar of Xom.
  9685 | D:9      | Found a burning altar of Makhleb.
  9967 | D:9      | Found a radiant altar of Vehumet.
  9976 | D:9      | Found a basalt altar of Yredelemnul.
 10116 | D:9      | Found a snail-covered altar of Cheibriados.
 10355 | D:10     | Entered Level 10 of the Dungeon
 10527 | D:10     | Reached XP level 11. HP: 80/97 MP: 17/21
 10547 | D:10     | Reached skill level 10 in Fighting
 10652 | D:10     | Found Ynadd's Self-Improvement Boutique.
 10678 | D:10     | Found a flagged portal.
 10832 | Bailey   | Entered a bailey
 10956 | Bailey   | Noticed an orc knight
 10973 | Bailey   | Found a large runed translucent door.
 10973 | Bailey   | Found a large runed translucent door.
 10974 | Bailey   | Noticed a deep elf pyromancer
 10999 | Bailey   | Killed a deep elf pyromancer
 11016 | Bailey   | Killed an orc knight
 11394 | D:10     | Found a sparkling altar of Nemelex Xobeh.
 11429 | D:10     | Noticed Harold
 11437 | D:10     | Killed Harold
 11825 | D:10     | Noticed a two-headed ogre
 11843 | D:10     | Killed a two-headed ogre
 11844 | D:10     | Reached skill level 10 in Unarmed Combat
 12099 | D:11     | Reached skill level 10 in Dodging
 12099 | D:11     | Reached XP level 12. HP: 106/106 MP: 22/22
 12442 | D:11     | Found a gate leading to a gauntlet.
 12449 | Gauntlet | Entered a Gauntlet
 12449 | Gauntlet | Found a transporter.
 12457 | Gauntlet | Found a transporter.
 12461 | Gauntlet | Found a transporter.
 12465 | Gauntlet | Found a runed translucent door.
 12466 | Gauntlet | Found a runed translucent door.
 12469 | Gauntlet | Found a transporter.
 12473 | Gauntlet | Found a transporter.
 12481 | Gauntlet | Found a transporter.
 12485 | Gauntlet | Found a transporter.
 12493 | Gauntlet | Found a transporter.
 12497 | Gauntlet | Found a transporter.
 12499 | Gauntlet | Noticed a blizzard demon
 12505 | Gauntlet | Found a transporter.
 12536 | Gauntlet | Found a transporter.
 12548 | Gauntlet | Found a transporter.
 12561 | Gauntlet | Found a transporter.
 12574 | Gauntlet | Found a transporter.
 12740 | Gauntlet | Reached skill level 10 in Ice Magic
 12744 | Gauntlet | Learned a level 3 spell: Mephitic Cloud
 12826 | Gauntlet | Identified the +0 pair of boots of the Little Devil {+Blink
                  | rC+ Dex+3}
 12918 | Gauntlet | Reached skill level 1 in Air Magic
 12924 | Gauntlet | Killed a blizzard demon
 12942 | Gauntlet | Identified the +10 glaive of Foigg {vamp, rElec Stlth+}
 13004 | Gauntlet | Noticed a minotaur
 13019 | Gauntlet | Identified the staff of earth "Weuv" {rF+ Will- Int+3
                  | Dex+2}
 13023 | Gauntlet | HP: 6/127 [minotaur/+0 rapier (36)]
 13388 | D:11     | Reached skill level 1 in Conjurations
 13772 | D:11     | Found a staircase to the Orcish Mines.
 13780 | D:11     | Reached skill level 1 in Stealth
 13850 | D:11     | Reached XP level 13. HP: 113/113 MP: 14/23
 13931 | D:10     | Bought a manual of Dodging for 1040 gold pieces
 14567 | D:12     | Noticed cheesebisquit's ghost (journeyman TrFi)
 14576 | D:12     | Found a bloodstained altar of Trog.
 14582 | D:12     | Found a transporter.
 14585 | D:12     | Found a transporter.
 14671 | D:12     | You fall into a shaft and drop 2 floors!
 14758 | D:13     | Learned a level 5 spell: Freezing Cloud
 15547 | D:6      | Bought a manual of Evocations for 800 gold pieces
 15943 | D:13     | Noticed Urug
 15958 | D:13     | Killed Urug
 16637 | D:14     | Found a portal to a secret trove of treasure.
 16881 | D:14     | Reached skill level 15 in Dodging
 16881 | D:14     | Reached skill level 1 in Evocations
 17074 | D:14     | Reached skill level 5 in Evocations
 17795 | D:14     | Found a gate to the Vaults.
 17831 | D:14     | Reached skill level 10 in Evocations
 17961 | D:14     | Reached XP level 14. HP: 121/121 MP: 21/24
 18175 | D:14     | Reached skill level 5 in Conjurations
 18280 | D:14     | Found an iron altar of Okawaru.
 18451 | D:15     | Entered Level 15 of the Dungeon
 18485 | D:15     | Noticed Roxanne
 18913 | D:15     | Reached skill level 5 in Air Magic
 19266 | D:15     | Found a staircase to the Depths.
 19780 | Orc:1    | Entered Level 1 of the Orcish Mines
 20208 | Orc:1    | Noticed an orc warlord
 20344 | D:11     | Killed an orc warlord
 20571 | Orc:1    | Found a runed translucent gate.
 20571 | Orc:1    | Found a runed translucent gate.
 20572 | Orc:1    | Found a runed translucent gate.
 20575 | Orc:1    | Noticed wesleywilliam's ghost (journeyman MiBe)
 20676 | Orc:2    | Entered Level 2 of the Orcish Mines
 21238 | Orc:2    | Found a staircase to the Elven Halls.
 21879 | Orc:2    | Found Amosebej's Distillery.
 22082 | Orc:2    | Found Acaesm's Book Shoppe.
 22189 | Orc:2    | Found a radiant altar of Vehumet.
 22204 | Orc:2    | Paralysed by an ogre mage for 5 turns
 22227 | Orc:2    | Found Motakuna's Antique Armour Emporium.
 22363 | Orc:2    | Found an ancient bone altar of Kikubaaqudgha.
 22429 | Orc:2    | Found Bicsahyf's Antique Armour Shoppe.
 22592 | Orc:2    | Bought a potion of heal wounds for 70 gold pieces
 22592 | Orc:2    | Bought 2 potions of curing for 84 gold pieces
 22592 | Orc:2    | Bought a potion of cancellation for 112 gold pieces
 22592 | Orc:2    | Bought a potion of curing for 42 gold pieces
 22592 | Orc:2    | Bought a potion of curing for 42 gold pieces
 22592 | Orc:2    | Bought a potion of lignification for 42 gold pieces
 22592 | Orc:2    | Bought a potion of curing for 42 gold pieces
 22592 | Orc:2    | Bought a potion of brilliance for 56 gold pieces
 22592 | Orc:2    | Bought a potion of might for 56 gold pieces
 22592 | Orc:2    | Bought a potion of might for 56 gold pieces
 22592 | Orc:2    | Bought a potion of attraction for 42 gold pieces
 22612 | Orc:2    | Bought a book of Winter for 544 gold pieces
 22612 | Orc:2    | Bought a book of the Dragon for 736 gold pieces
 22616 | Orc:2    | Learned a level 3 spell: Ozocubu's Armour
 22780 | Lair:1   | Entered Level 1 of the Lair of Beasts
 24961 | Lair:2   | Reached XP level 15. HP: 126/126 MP: 20/25
 25054 | Lair:2   | Noticed Amaemon
 25518 | Lair:3   | Found a dark tunnel.
 25529 | Volcano  | Entered a volcano
 26308 | Lair:3   | Found a staircase to the Shoals.
 26680 | Lair:3   | You are sucked into a shaft and drop 2 floors!
 26680 | Lair:5   | Entered Level 5 of the Lair of Beasts
 27522 | Lair:3   | Found a hole to the Spider Nest.
 28037 | Lair:4   | Noticed Snorg
 28050 | Lair:4   | Killed Snorg
 29049 | Lair:5   | Found a staircase to the Slime Pits.
 30604 | Lair:5   | Reached skill level 15 in Fighting
 30767 | D:10     | Bought a manual of Spellcasting for 1040 gold pieces
 30767 | D:10     | Bought a manual of Spellcasting for 1040 gold pieces
 31231 | Lair:5   | Reached XP level 16. HP: 149/149 MP: 18/27
 31900 | Lair:5   | Learned a level 2 spell: Passwall
 32135 | Elf:1    | Entered Level 1 of the Elven Halls
 32297 | Elf:1    | Gained mutation: You occasionally lose the ability to read
                  | scrolls when taking damage. [a neqoxec]
 32344 | Orc:2    | Reached skill level 5 in Stealth
 32538 | Elf:1    | HP: 3/178 [+2 battleaxe of electrocution (18)]
 32540 | Elf:1    | Mangled by a +2 battleaxe of electrocution

Illustrated notes

Levels and vault maps discovered:
D:1:      dpeg_arrival_water_altar, layout_loops_corners
D:2:      layout_rooms, chequers_ecumenical_altar_simple_redux
D:3:      layout_basic, amcnicky_altar_gilded, grunt_decor_junction,
          uniq_natasha
D:4:      layout_cave_pools, nicolae_tso_besieged_by_evil,
          minmay_temple_entry_mini_moons, gup_sewer_entry_bubbles,
          serial_column_ruins, column_ruins_grid_1,
          column_ruins_columns_straight, column_ruins_corridor_straight,
          column_ruins_columns_straight, column_ruins_open_tiny,
          column_ruins_open_small, minmay_fractal_squares_5
D:5:      layout_basic, grunt_dithmenos_smoke_and_mirrors,
          lemuel_zombie_altar_kikubaaqudgha, kennysheep_nub
D:6:      layout_basic, hangedman_glass_teeth, nicolae_shop_vocational
D:7:      layout_loops_corners, nicolae_overflow_two_pavilions
D:8:      layout_loops_cross, gammafunk_temple_overflow_arena,
          dpeg_lair_monsters
D:9:      layout_irregular_city, grunt_temple_overflow_order_and_chaos_1,
          mainiacjoe_overflow_swirl, mainiacjoe_overflow_catwalk,
          kennysheep_mini_moat, chei_slow_surprise
D:10:     layout_irregular_city, nemelex_altar_shiori, enter_bailey_2,
          nicolae_shop_self_help, uniq_harold
D:11:     layout_grid_maze, erik_orc_4, gauntlet_entry_generic
D:12:     layout_roguey, serial_glass, glass_columns_c, glass_columns_a,
          gammafunk_ghost_wrathful_warriors
D:13:     layout_basic, uniq_urug
D:14:     layout_irregular_city, hangedman_vaults_entry_quadrant_bands,
          enter_trove_2, okawaru_ov_weapons_minmay, minmay_fire_ice_demons
D:15:     gammafunk_enter_depths_forms, layout_gridville,
          chequers_serial_rivers_micro_b, uniq_roxanne
Temple:   hellmonk_temple_two_chambers
Lair:1:   layout_long_grid, chequers_serial_rivers_micro_a,
          infiniplex_staircase_pool, lemuel_fruit_tree
Lair:2:   layout_roguey, nicolae_lair_lindhole, grunt_megastairs_5, uniq_amaemon
Lair:3:   layout_cave_pods, minmay_shoals_entry_beasts,
          nicolae_spider_entry_tight_spaces, nicolae_volcano_entry_hallway,
          serial_bayou_pond_d, cheibrodos_lair_lostbears, grunt_megastairs_2
Lair:4:   layout_gridlike, minivault_23, nicolae_lair_yak_garden, uniq_snorg
Lair:5:   due_jungle_book, layout_regular_city, slime_entry_1,
          serial_bayou_shore_a
Orc:1:    layout_caves, gammafunk_ghost_necromancy, nicolae_orc_lost_temple
Orc:2:    kennysheep_orc_mage_school, layout_caves
Elf:1:    nicolae_elf_arrival_no_cutting_in_line, layout_onion_city,
          basic_altar, minmay_elf_annihilation

Skill      XL: |  1  2  3  4  5  6  7  8  9 10 11 12 13 14 15 16 |
---------------+-------------------------------------------------+-----
Transmutations | 3 4 5 |  5.3
Unarmed Combat | 4 5 6 7 10 | 10.0
Ice Magic      | 2 5 8 10 11 12 | 12.0
Spellcasting   | 4 7 9 |  9.6
Dodging        | 3 6 7 10 15 | 15.0
Fighting       | 9 10 15 | 15.0
Air Magic      | 3 8 |  8.0
Conjurations   | 3 8 |  8.0
Stealth        | 1 3 5 |  5.0
Evocations     | 10 11 12 | 12.0

Action                     |  1- 3 |  4- 6 |  7- 9 | 10-12 | 13-15 | 16-18 || total
---------------------------+-------+-------+-------+-------+-------+-------++-------
  Melee: Unarmed           |   106 |   224 |   214 |   362 |  1372 |   146 ||  2424
         Tailslap          |    10 |    18 |    14 |     6 |    74 |     8 ||   130
         Kick              |    12 |    33 |    41 |     4 |       |       ||    90
         Headbutt          |    10 |    18 |    20 |     1 |       |       ||    49
         Punch             |     2 |     6 |     5 |     1 |    39 |     5 ||    58
  Throw: Boomerang         |       |       |       |       |     1 |       ||     1
   Cast: Beastly Appendage |    24 |    24 |    27 |     2 |       |       ||    77
         Wereblood         |       |     3 |     8 |    13 |    29 |       ||    53
         Frozen Ramparts   |       |       |     7 |     9 |    38 |     1 ||    55
         Ice Form          |       |       |    11 |    36 |    89 |     7 ||   143
         Hailstorm         |       |       |       |     6 |     8 |       ||    14
         Ozocubu's Armour  |       |       |       |       |    19 |     4 ||    23
         Mephitic Cloud    |       |       |       |       |     4 |       ||     4
         Spider Form       |       |       |       |       |     1 |       ||     1
         Freezing Cloud    |       |       |       |       |     7 |     3 ||    10
Ability: Breathe Frost     |       |       |     3 |       |       |     1 ||     4
  Evoke: Wand              |       |       |       |     5 |     2 |       ||     7
    Use: Potion            |       |     2 |       |     4 |       |     1 ||     7
         Scroll            |       |       |       |    19 |    11 |       ||    30
   Stab: Sleeping          |     1 |       |     2 |       |     7 |       ||    10
         Distracted        |       |     1 |       |       |     7 |     1 ||     9
         Invisible         |       |       |       |     3 |       |       ||     3
         Paralysed         |       |       |       |       |     2 |       ||     2
         Confused          |       |       |       |       |     1 |       ||     1
 Armour: Skin              |    48 |    80 |    50 |    73 |   261 |    22 ||   534
  Dodge: Dodged            |    72 |   161 |    86 |   258 |  1684 |   178 ||  2439
